 Dungeon Crawl Stone Soup version 0.27.1-1-g398f81649c (webtiles) character file.

Game seed: 7411179643978695948

222 chaosape the Covered (level 5, -3/47 HPs)
             Began as a Gnoll Wanderer on Sept 18, 2021.
             Was an Initiate of Okawaru.
             Slain by a steam dragon (8 damage)
             ... on level 4 of the Dungeon on Sept 20, 2021.
             The game lasted 00:14:33 (2816 turns).

chaosape the Covered (Gnoll Wanderer)               Turns: 2816, Time: 00:14:33

Health: -3/47      AC: 12    Str: 11    XL:     5   Next: 99%
Magic:  7/7        EV:  8    Int: 13    God:    Okawaru [......]
Gold:   172        SH:  4    Dex: 11    Spells: 7/7 levels left

rFire    . . .     SeeInvis .   j - +4 dagger
rCold    . . .     Faith    .   l - +0 buckler
rNeg     . . .     Spirit   .   b - +3 scale mail
rPois    .         Reflect  .   (no helmet)
rElec    .         Harm     .   (no cloak)
rCorr    .         Rampage  .   p - +0 pair of gloves
Will     .....                  (no boots)
Stlth    +.........             (no amulet)
HPRegen  0.15/turn              (no ring)
MPRegen  0.10/turn              (no ring)

@: hasted, very quick
A: fangs 1, strong nose, distributed training
a: Renounce Religion


You were on level 4 of the Dungeon.
You worshipped Okawaru.
Okawaru was noncommittal.
You visited 1 branch of the dungeon, and saw 4 of its levels.

You collected 172 gold pieces.

Inventory:

Hand Weapons
 a - a +0 hand crossbow
 j - a +4 dagger (weapon)
 k - a +0 falchion
 q - a +0 long sword
Missiles
 f - 8 boomerangs
Armour
 b - a +3 scale mail (worn)
 l - a +0 buckler (worn)
 p - a +0 pair of gloves (worn)
Scrolls
 e - a scroll of teleportation
 i - a scroll of acquirement {unknown}
 n - a scroll of amnesia {unknown}
 o - a scroll of immolation {unknown}
Potions
 g - a potion of haste
 h - 2 potions of attraction {unknown}
 m - a potion of heal wounds {unknown}
 r - a potion of brilliance {unknown}
Miscellaneous
 d - a piece from Xom's chessboard (15/15) (quivered)


   Skills:
 + Level 6.7 Fighting
 + Level 1.7 Short Blades
 + Level 1.7 Long Blades
 + Level 1.7 Axes
 + Level 1.7 Maces & Flails
 + Level 1.7 Polearms
 + Level 1.7 Staves
 + Level 1.7 Slings
 + Level 1.7 Bows
 + Level 4.9 Crossbows
 + Level 1.7 Throwing
 + Level 6.7 Armour
 + Level 1.7 Dodging
 + Level 2.9 Stealth
 + Level 1.7 Shields
 + Level 1.7 Unarmed Combat
 + Level 1.7 Spellcasting
 + Level 1.3 Conjurations
 + Level 1.3 Hexes
 + Level 1.3 Summonings
 + Level 1.3 Necromancy
 + Level 1.3 Translocations
 + Level 1.3 Transmutations
 + Level 1.3 Fire Magic
 + Level 1.3 Ice Magic
 + Level 1.3 Air Magic
 + Level 1.3 Earth Magic
 + Level 1.3 Poison Magic
 + Level 1.9 Invocations
 + Level 3.1 Evocations


You had 7 spell levels left.
You didn't know any spells.
Your spell library contained the following spells:

 Spells                   Type           Power      Damage    Failure   Level
 Beastly Appendage        Tmut           8%         N/A       67%         1
 Wereblood                Tmut           4%         N/A       82%         2
 Spider Form              Tmut/Pois      2%         N/A       96%         3


Dungeon Overview and Level Annotations

Branches:
Dungeon (4/15)
 Temple: D:4-7

Altars:
Hepliaklqana
Okawaru
Wu Jian


Innate Abilities, Weirdness & Mutations

You have very sharp teeth.
Your uncanny sense of smell can sniff out nearby items.
Your experience applies equally to all skills.


Message History

You start resting.
You shoot a bolt. The bolt hits the steam dragon!
The steam dragon is heavily wounded.
Unknown command.
You start resting.
A steam dragon is nearby!
You shoot a bolt. The bolt hits the steam dragon.
The steam dragon is severely wounded.
The steam dragon barely misses you.
The steam dragon claws you but does no damage.
You shoot a bolt. The bolt hits the steam dragon.
The steam dragon is severely wounded.
You block the steam dragon's attack. The steam dragon barely misses you.
You shoot a bolt.
The bolt barely misses the steam dragon.
The steam dragon bites you but does no damage.
The steam dragon claws you. The steam dragon breathes steam at you.
The ball of steam misses you.
You shoot a bolt.
The bolt hits the steam dragon but does no damage.
The steam dragon is severely wounded.
The steam dragon bites you. The steam dragon barely misses you.
You shoot a bolt.
The bolt closely misses the steam dragon.
The steam dragon closely misses you. The steam dragon barely misses you.
You do not have any ammo quivered for your +0 hand crossbow.
j - a +4 dagger (weapon)
The steam dragon bites you but does no damage.
The steam dragon closely misses you.
You completely miss the steam dragon.
The steam dragon is severely wounded.
The steam dragon breathes steam at you. The ball of steam hits you!
* * * LOW HITPOINT WARNING * * *
It was a potion of haste.
You feel yourself speed up.
You are engulfed in a cloud of scalding steam.
* * * LOW HITPOINT WARNING * * *
The steam dragon bites you!
You die...

#.# #.. #.# #.#.# ... ...
#.#.# ... #..# #
##.#.###.##...# .#
#.............#..#
#@#.ยง..........
#.D..(.(......
####.#......#.#.#
#.............#.#####
#.##.##...##..#......
##.#..#.....#.........
#........_.(..........
####..#..#.....#.........
#........##...##....)..##


You could see a steam dragon.

Vanquished Creatures
  An iguana (D:4)
  A hound skeleton (D:2)
  3 gnolls (D:3)
  5 adders
  3 worms
  A dart slug (D:2)
  2 orcs
  8 ball pythons
  5 bats
  8 endoplasms
  4 giant cockroaches
  7 goblins
  9 hobgoblins
  12 jackals
  4 quokkas
  3 frilled lizards
  7 kobolds
  9 rats
92 creatures vanquished.

Notes
Turn   | Place    | Note
-------+----------+-------------------------------------------
     0 | D:1      | chaosape the Gnoll Wanderer began the quest for the Orb.
     0 | D:1      | chaosape set off with the following items: a +0 hand
                  | crossbow, a +2 scale mail, 27 bolts, a piece from Xom's
                  | chessboard (15/15)
     0 | D:1      | Reached XP level 1. HP: 23/23 MP: 1/1
    68 | D:1      | Reached XP level 2. HP: 29/29 MP: 2/2
   374 | D:1      | Reached XP level 3. HP: 35/35 MP: 3/3
   650 | D:1      | Reached skill level 1 in Invocations
   868 | D:2      | Reached skill level 1 in Short Blades
   868 | D:2      | Reached skill level 1 in Long Blades
   868 | D:2      | Reached skill level 1 in Axes
   868 | D:2      | Reached skill level 1 in Maces & Flails
   868 | D:2      | Reached skill level 1 in Polearms
   868 | D:2      | Reached skill level 1 in Staves
   868 | D:2      | Reached skill level 1 in Slings
   868 | D:2      | Reached skill level 1 in Bows
   868 | D:2      | Reached skill level 1 in Throwing
   868 | D:2      | Reached skill level 1 in Dodging
   868 | D:2      | Reached skill level 1 in Shields
   868 | D:2      | Reached skill level 1 in Unarmed Combat
   868 | D:2      | Reached skill level 1 in Spellcasting
  1111 | D:2      | Reached XP level 4. HP: 41/41 MP: 5/5
  1465 | D:2      | Reached skill level 1 in Conjurations
  1465 | D:2      | Reached skill level 1 in Hexes
  1465 | D:2      | Reached skill level 1 in Summonings
  1465 | D:2      | Reached skill level 1 in Necromancy
  1465 | D:2      | Reached skill level 1 in Translocations
  1465 | D:2      | Reached skill level 1 in Transmutations
  1465 | D:2      | Reached skill level 1 in Fire Magic
  1465 | D:2      | Reached skill level 1 in Ice Magic
  1465 | D:2      | Reached skill level 1 in Air Magic
  1465 | D:2      | Reached skill level 1 in Earth Magic
  1465 | D:2      | Reached skill level 1 in Poison Magic
  1496 | D:2      | Found a hazy altar of Hepliaklqana.
  1854 | D:3      | Reached XP level 5. HP: 47/47 MP: 5/7
  2005 | D:3      | Found an ornate altar of the Wu Jian Council.
  2232 | D:3      | Found a faded altar of an unknown god.
  2548 | D:4      | Noticed a steam dragon
  2755 | D:4      | Found an iron altar of Okawaru.
  2776 | D:4      | Became a worshipper of Warmaster Okawaru
  2816 | D:4      | Slain by a steam dragon

Illustrated notes

Levels and vault maps discovered:
D:1:      dpeg_arrival_pond, layout_loops_ring, minmay_fountain_box,
          serial_park_tiny_2, minmay_misc_feat_chi
D:2:      minmay_thinvault, layout_rooms, basic_altar
D:3:      layout_basic, mainiacjoe_overflow_alcove_4,
          hellmonk_ecumenical_altar_leap_of_faith
D:4:      layout_basic, okawaru_gym_becter, mainiacjoe_overflow_catwalk,
          minmay_temple_entry_nine_rooms, uniq_duvessa

Skill      XL: |  1  2  3  4  5 |
---------------+----------------+-----
Invocations    | 1 |  1.9
Short Blades   | 1 |  1.7
Long Blades    | 1 |  1.7
Axes           | 1 |  1.7
Maces & Flails | 1 |  1.7
Polearms       | 1 |  1.7
Staves         | 1 |  1.7
Slings         | 1 |  1.7
Bows           | 1 |  1.7
Throwing       | 1 |  1.7
Dodging        | 1 |  1.7
Shields        | 1 |  1.7
Unarmed Combat | 1 |  1.7
Spellcasting   | 1 |  1.7
Conjurations   | 1 |  1.3
Hexes          | 1 |  1.3
Summonings     | 1 |  1.3
Necromancy     | 1 |  1.3
Translocations | 1 |  1.3
Transmutations | 1 |  1.3
Fire Magic     | 1 |  1.3
Ice Magic      | 1 |  1.3
Air Magic      | 1 |  1.3
Earth Magic    | 1 |  1.3
Poison Magic   | 1 |  1.3
Evocations     | 3 |  3.1
Fighting       | |  6.7
Crossbows      | |  4.9
Armour         | |  6.7
Stealth        | |  2.9

Action                   |  1- 3 |  4- 6 || total
-------------------------+-------+-------++-------
Melee: Dagger            |       |   102 ||   102
       Bite              |       |     7 ||     7
       Punch             |       |     1 ||     1
 Fire: Hand crossbow     |   101 |    71 ||   172
  Use: Scroll            |       |     5 ||     5
       Potion            |       |     1 ||     1
Armor: Scale mail        |    15 |    53 ||    68
Dodge: Dodged            |    10 |    53 ||    63
Block: Buckler           |       |     1 ||     1
